AoeStats
← Doctor Alvarez

Black Forest

503536609Analyzed
3v3 RM · 1mo ago on Sep 1, 2026· 59m 51s· 6 players
Game mode
Random Map
Map size
Normal (6 player)
Population
200
Speed
Normal
Resources
Standard
Victory
Conquest
Starting age
Dark Age
Ending age
Imperial Age
RankedLock teamsTeams togetherTeam positionsShared explorationLock speedFull tech treeHidden civsTurbo modeCheats
Victory
Defeat
🇧🇴 Celts · Bolivia
928
+12
🇧🇴 Sicilians · Bolivia
901
+14
🇦🇷 Franks · Argentina
827
+17
🇦🇷 Mongols · Argentina
896
-17
🇦🇷 Persians · Argentina
891
-16
🇦🇷 Chinese · Argentina
762
-11
FranksLup
0:39 Loom
11:49 Feudal Age
16:35 Castle Age
15:20 Fletching
15:30 Padded Archer Armor
17:44 Castle Age
18:02 Double-Bit Axe
20:51 Stone Mining
23:26 Fletching
33:49 Imperial Age
31:36 Padded Archer Armor
32:44 Husbandry
32:54 Bloodlines
35:26 Bodkin Arrow
35:47 Leather Archer Armor
36:41 Bracer
37:09 Parthian Tactics
36:04 Crossbowman
38:00 Thumb Ring
38:42 Ballistics
39:22 Chemistry
38:37 Forging
38:39 Onager
41:09 Iron Casting
40:40 Scale Barding Armor
41:54 Wheelbarrow
41:04 Town Watch
41:27 Siege Engineers
41:16 Gold Mining
41:13 Horse Collar
42:46 Elite Mangudai
44:15 Drill
43:58 Nomads
44:18 Conscription
51:43 Elite Steppe Lancer
56:42 Siege Onager
58:12 Hand Cart
57:58 Town Patrol
59:48 Bow Saw
59:43 Heavy Plow
59:40 Murder Holes
Doctor Alvarez
0:27 Loom
13:32 Feudal Age
20:29 Castle Age
19:20 Stone Mining
19:37 Gold Mining
19:35 Horse Collar
20:16 Double-Bit Axe
22:01 Fletching
24:33 Bodkin Arrow
29:29 Wheelbarrow
29:26 Ballistics
30:16 Bow Saw
33:56 Padded Archer Armor
36:06 Gold Shaft Mining
39:49 Imperial Age
40:44 Heavy Rocket Cart
41:50 Bloodlines
41:41 Husbandry
43:45 Elite Fire Lancer
44:27 Squires
44:12 Arson
44:40 Forging
44:36 Scale Barding Armor
45:19 Cavalier
48:32 Two-Man Saw
48:27 Scale Mail Armor
48:57 Pikeman
51:31 Stone Shaft Mining
55:22 Rocketry
56:14 Bracer
56:33 Leather Archer Armor
56:54 Iron Casting
56:40 Chain Barding Armor
Kiopd1878
0:27 Loom
13:27 Feudal Age
18:52 Horse Collar
22:35 Castle Age
21:01 Double-Bit Axe
21:51 Gold Mining
27:04 Wheelbarrow
28:02 Wheelbarrow
29:10 Hand Cart
30:22 Town Watch
31:20 Stone Mining
34:59 Imperial Age
34:31 Stone Shaft Mining
34:36 Gold Shaft Mining
36:01 Crossbowman
36:50 Thumb Ring
37:09 Ballistics
36:45 Murder Holes
37:51 Chemistry
37:58 Conscription
37:39 Kamandaran
38:27 Town Patrol
39:59 Elite War Elephant
41:27 Fletching
41:38 Padded Archer Armor
41:40 Scale Mail Armor
41:46 Scale Barding Armor
41:51 Forging
44:08 Citadels
47:55 Citadels
57:02 Capped Ram
el low me hizo reflexionar
13:40 Feudal Age
14:57 Man-at-Arms
22:53 Forging
23:13 Scale Mail Armor
26:29 Castle Age
25:21 Double-Bit Axe
28:07 Elite Skirmisher
32:04 Husbandry
35:56 Bow Saw
38:05 Ballistics
37:52 Gold Mining
37:55 Fletching
38:05 Padded Archer Armor
37:41 Pikeman
39:54 Gold Shaft Mining
39:09 Stone Mining
39:54 Leather Archer Armor
41:06 Bodkin Arrow
43:37 Scale Barding Armor
44:08 Iron Casting
47:09 Chain Barding Armor
47:04 Chain Mail Armor
47:57 Murder Holes
50:35 Imperial Age
48:43 Wheelbarrow
47:55 Loom
55:59 Cavalier
57:05 Conscription
OG. Arce Catacora
0:28 Loom
14:02 Feudal Age
16:26 Wheelbarrow
16:47 Double-Bit Axe
16:46 Fishing Lines
17:07 Horse Collar
24:06 Castle Age
23:45 Stone Mining
23:47 Gold Mining
25:13 Bow Saw
25:08 Heavy Plow
25:38 Hand Cart
27:02 Stone Shaft Mining
27:04 Gold Shaft Mining
30:53 Stronghold
31:55 Town Watch
32:15 Scale Mail Armor
32:15 Padded Archer Armor
32:26 Forging
32:08 Fletching
35:21 Imperial Age
32:34 Pikeman
32:59 Arson
37:47 Chain Mail Armor
37:48 Leather Archer Armor
37:29 Bodkin Arrow
38:09 Iron Casting
37:19 Heavy Scorpion
38:31 Conscription
39:26 Plate Mail Armor
39:45 Capped Ram
40:45 Furor Celtica
42:32 Blast Furnace
42:03 Ring Archer Armor
41:24 Siege Ram
42:41 Elite Woad Raider
45:38 Caravan
45:49 Guilds
51:07 Halberdier
T⌂ÖN
12:14 Feudal Age
13:27 Horse Collar
13:35 Double-Bit Axe
16:54 Stone Mining
16:55 Gold Mining
19:49 Scale Mail Armor
20:00 Forging
23:50 Castle Age
22:42 Arson
25:09 Heavy Plow
27:17 Wheelbarrow
26:39 Fletching
27:05 Squires
26:53 Gambesons
30:09 Hand Cart
29:40 Loom
31:40 Stone Shaft Mining
31:41 Gold Shaft Mining
31:39 Coinage
30:53 Pikeman
31:55 Chain Mail Armor
36:09 Imperial Age
34:35 Iron Casting
33:58 Town Watch
34:14 Murder Holes
34:30 Masonry
35:39 Bow Saw
35:37 Caravan
36:18 First Crusade
36:21 Elite Serjeant
38:03 Conscription
37:27 Heavy Scorpion
39:56 Guilds
41:56 Plate Mail Armor
42:26 Blast Furnace
44:13 Chemistry
43:19 Siege Engineers
43:47 Onager
46:01 Siege Onager
48:41 Town Patrol
49:02 Halberdier
Connection lost

Rejoining the realm…

Still unreachable

The connection could not be restored.

Session expired

The server has moved on; the page needs a fresh start.